 Dungeon Crawl Stone Soup version 0.22.1-2-g9c5b331383 (webtiles) character file.

60 CInkIbrahim the Poker (level 4, -2/31 HPs)
             Began as an Octopode Chaos Knight on Dec 9, 2018.
             Slain by a sky beast (5 damage)
             ... on level 2 of the Dungeon.
             The game lasted 00:00:59 (1302 turns).

CInkIbrahim the Poker (Octopode Chaos Knight)       Turns: 1302, Time: 00:01:00

Health: -2/31      AC:  1    Str: 11    XL:     4   Next: 4%
Magic:  4/4        EV: 13    Int: 14    God:    Xom [..*...]
Gold:   64         SH:  0    Dex: 12    Spells: 3/3 levels left

rFire    . . .     SeeInvis .   a - +0 spear (chaos)
rCold    . . .     Gourm    .   (no shield)
rNeg     . . .     Faith    .   (helmet restricted)
rPois    .         Spirit   .   (no amulet)
rElec    .         Reflect  .   (no ring)
rCorr    .         Harm     .   (no ring)
MR       .....                  (no ring)
Stlth    ++........             (no ring)
HPRegen  0.10/turn              (no ring)
MPRegen  0.09/turn              (no ring)
                                (no ring)
                                (no ring)

@: no status effects
A: almost no armour, stealthy swim, amphibious, 8 rings, constrict 8, camouflage
1, gelatinous body 1
a: Renounce Religion


You were on level 2 of the Dungeon.
You worshipped Xom.
You were a toy of Xom.
You were not hungry.

You visited 1 branch of the dungeon, and saw 2 of its levels.

You collected 64 gold pieces.

Inventory:

Hand Weapons
 a - a +0 spear of chaos (weapon)
Wands
 g - a wand of scattershot (5)
 j - a wand of polymorph (13)
Scrolls
 c - 2 scrolls of teleportation {unknown}
 d - 3 scrolls of identify {unknown}
 e - a scroll of fog {unknown}
 h - a scroll of enchant armour {unknown}
 k - a scroll of blinking {unknown}
Comestibles
 b - 3 rations
 i - a chunk of flesh


   Skills:
 - Level 3.0 Fighting
 + Level 4.8 Polearms
 - Level 2.3 Dodging


You had 3 spell levels left.
You didn't know any spells.
Your spell library was empty.

Dungeon Overview and Level Annotations

Branches:
Dungeon (2/15)

Altars:


Innate Abilities, Weirdness & Mutations

You cannot wear most types of armour.
You are very stealthy in the water. (Stealth+)
You are amphibious.
You can wear up to eight rings at the same time.
You can use your tentacles to constrict eight enemies at once.
Your skin changes colour to match your surroundings (Stealth+).
Your rubbery body absorbs attacks. (AC +1, EV +1)


Message History

You have reached level 4!
The hobgoblin throws a stone.
The stone barely misses you. The hobgoblin hits you with a club.
You see here a club.
You completely miss the hobgoblin. You grab the hobgoblin.
You constrict the hobgoblin. The hobgoblin hits you with a club.
You hit the hobgoblin.
Lightning courses through the hobgoblin!
You kill the hobgoblin!
The sky beast flickers out of sight!
Deactivating autopickup; reactivate with Ctrl-A.
You miss something. You hit something. Something barely misses you.
You miss something. Something hits you. Something shocks you.
* * * LOW HITPOINT WARNING * * *
You closely miss something. Something hits you.
* * * LOW HITPOINT WARNING * * *
Something shocks you.
You die... "I guess I need a new plaything now."

#........#
#........#
##########........#
#.(...............#
##.#######........#
#.# #........# #.#
#........# #.#
#........# #@#
#........# #)#
#........# #.#
########## #.# #≈#
#≈# # #.# .. #.#
.{. #.####### ....


There were no monsters in sight!

Vanquished Creatures
  2 adders (D:2)
  A worm (D:2)
  A dart slug (D:1)
  2 leopard geckos
  A bat (D:1)
  3 giant cockroaches (D:1)
  5 goblins
  5 hobgoblins
  6 kobolds (D:1)
  A quokka (D:2)
  A frilled lizard (D:1)
  5 rats
33 creatures vanquished.

Notes
Turn   | Place    | Note
-------+----------+-------------------------------------------
     0 | D:1      | CInkIbrahim the Octopode Chaos Knight began the quest for
                  | the Orb.
     0 | D:1      | Reached XP level 1. HP: 16/16 MP: 1/1
     1 | D:1      | XOM: divination: detect items
   207 | D:1      | Reached XP level 2. HP: 21/21 MP: 2/2
   496 | D:1      | Reached skill level 4 in Polearms
   593 | D:1      | Reached XP level 3. HP: 15/26 MP: 3/3
  1064 | D:2      | XOM: divination: detect items
  1264 | D:2      | Noticed a sky beast
  1295 | D:2      | Reached XP level 4. HP: 22/31 MP: 4/4
  1302 | D:2      | Slain by a sky beast

Skill      XL: |  1  2 |
---------------+-------+-----
Polearms       | 4 |  4.8
Fighting       | |  3.0
Dodging        | |  2.3

Action                   |  1- 3 |  4- 6 || total
-------------------------+-------+-------++-------
Melee: Spear             |    79 |     6 ||    85
       Constrict         |    16 |     1 ||    17
       Tentacles         |     7 |       ||     7
  Use: Potion            |     1 |       ||     1
 Stab: Sleeping          |     8 |       ||     8
       Paralysed         |     1 |       ||     1
       Petrified         |     1 |       ||     1
  Eat: Chunk             |     1 |       ||     1
Armor: Skin              |     1 |       ||     1
Dodge: Dodged            |    24 |     2 ||    26
